 Dungeon Crawl Stone Soup version 0.28.0-43-g3370ac3207 (webtiles) character file.

Game seed: 14640906639712029769

42 zeref the Grave Robber (level 3, -8/24 HPs)
             Began as a Vampire Necromancer on Mar 23, 2022.
             Killed by divine providence
             ... invoked by an orc priest
              (14 damage)
             ... on level 3 of the Dungeon.
             The game lasted 00:19:53 (1872 turns).

zeref the Grave Robber (Vampire Necromancer)        Turns: 1872, Time: 00:19:53

Health: -8/24      AC:  3    Str:  7    XL:     3   Next: 35%
Magic:  1/6        EV: 12    Int: 19    God:
Gold:   59         SH:  0    Dex: 14    Spells: 6/7 levels left

rFire   . . .      SeeInvis +   s - +0 quarterstaff
rCold   . . .      Faith    .   (shield currently unavailable)
rNeg    . . .      Spirit   .   a - +0 robe
rPois   .          Reflect  .   (no helmet)
rElec   .          Harm     .   g - +0 cloak
rCorr   .          Rampage  .   (no gloves)
Will    .....                   (no boots)
Stlth   ++........              (no amulet)
HPRegen 0.28/turn               (no ring)
MPRegen 0.10/turn               (no ring)

@: healing quickly
A: alive, fangs 3, see invisible, vampiric 2
a: Exsanguinate


You were on level 3 of the Dungeon.
You visited 1 branch of the dungeon, and saw 3 of its levels.

You collected 59 gold pieces.

Inventory:

Hand Weapons
 b - a +0 club
 d - a +0 club
 e - a +0 short sword
 k - a +0 dagger
 l - a +0 dagger
 o - a +0 hand axe
 p - a +0 dagger
 s - a +0 quarterstaff (weapon)
 x - a +0 short sword
 A - a +0 whip
 C - a +0 club
 D - a +0 mace
Missiles
 c - 23 stones
 j - 40 arrows
 r - 2 silver javelins
 t - 32 bolts
 z - 9 sling bullets
Armour
 a - a +0 robe (worn)
 f - a +0 ring mail
 g - a +0 cloak (worn)
 i - a +0 plate armour
 m - a +0 leather armour
 n - a +0 ring mail
Scrolls
 v - a scroll of teleportation {unknown}
 y - a scroll of vulnerability {unknown}
 B - a scroll of enchant weapon {unknown}
Potions
 h - a potion of berserk rage {unknown}
 q - a potion of flight {unknown}
 u - a potion of haste {unknown}
 w - a potion of heal wounds {unknown}


   Skills:
 + Level 2.3 Dodging
 + Level 3.0 Stealth
 * Level 2.5 Spellcasting
 * Level 5.3 Necromancy


You had 6 spell levels left.
You knew the following spells:

 Your Spells              Type           Power      Damage    Failure   Level
a - Pain                  Necr           88%        1d8       1%          1

Your spell library contained the following spells:

 Spells                   Type           Power      Damage    Failure   Level
 Animate Skeleton         Necr           44%        N/A       1%          1
 Vampiric Draining        Necr           22%        2d7       5%          3
 Animate Dead             Necr           11%        N/A       19%         4
 Agony                    Necr           22%        N/A       45%         5


Dungeon Overview and Level Annotations

Branches:
Dungeon (3/15)

Altars:


Innate Abilities, Weirdness & Mutations

Your natural rate of healing is accelerated.
You have razor-sharp teeth.
You have supernaturally acute eyesight. (SInv)
You are afflicted with vampirism and can become a bat while bloodless.


Message History

The orc priest casts a cantrip, but nothing happens.
Casting: Pain (safe; 1% risk of failure)
Confirm with . or Enter, or press ? or * to list all spells.
Aiming: Pain (safe; 1% risk of failure)
Press: ? - help, Shift-Dir - straight line, f - orc
Aim: an orc, wielding a +0 short sword (chance to affect: 91%)
The orc writhes in agony.
The orc misses you.
Casting: Pain (safe; 1% risk of failure)
Confirm with . or Enter, or press ? or * to list all spells.
Aiming: Pain (safe; 1% risk of failure)
Press: ? - help, Shift-Dir - straight line, f/p - orc
Aim: an orc, wielding a +0 short sword (heavily wounded, chance to affect: 91%)
The orc writhes in agony.
The orc misses you.
Casting: Pain (safe; 1% risk of failure)
Confirm with . or Enter, or press ? or * to list all spells.
Aiming: Pain (safe; 1% risk of failure)
Press: ? - help, Shift-Dir - straight line, f/p - orc
Aim: an orc, wielding a +0 short sword (severely wounded, chance to affect: 91%)
The orc writhes in agony!
You kill the orc!
Casting: Pain (safe; 1% risk of failure)
Confirm with . or Enter, or press ? or * to list all spells.
Aiming: Pain (safe; 1% risk of failure)
Press: ? - help, Shift-Dir - straight line, f - orc priest
Aim: an orc priest, wielding a +0 dagger (chance to affect: 81%)
The orc priest writhes in agony.
The orc priest mumbles some strange prayers to Beogh against you.
Pain shoots through your body!
Ouch! That really hurt!
* * * LOW HITPOINT WARNING * * *
Casting: Pain (safe; 1% risk of failure)
Confirm with . or Enter, or press ? or * to list all spells.
Aiming: Pain (safe; 1% risk of failure)
Press: ? - help, Shift-Dir - straight line, f/p - orc priest
Aim: an orc priest, wielding a +0 dagger (moderately wounded, chance to affect: 81%)
The orc priest writhes in agony.
The orc priest invokes the aid of Beogh against you.
Beogh smites you!
Ouch! That really hurt!
You die...

..## ##.....# ...♣+♣ ###
#......# ...... #
##...#..## ....... #
##....#...## .... ..
####...##.....#####..##.##
.....#.#.......##...o...$.
######.#.......##.#<..# .
# ###.#............#...# #
#...##.......@)....#
#...##..........##.#
####...#.......###......
#......#.......# .........
>.##...#..................
####...##.....#.##.##.#...
####...###......#..# .# .
................. ## #
#####.##.......##.


You could see an orc priest.

Vanquished Creatures
  A dart slug (D:1)
  An orc (D:3)
  5 ball pythons
  An endoplasm (D:3)
  2 giant cockroaches
  4 goblins
  4 hobgoblins
  2 jackals (D:1)
  2 quokkas (D:1)
  4 bats
  A kobold (D:1)
  8 rats
35 creatures vanquished.

Notes
Turn   | Place    | Note
-------+----------+-------------------------------------------
     0 | D:1      | zeref the Vampire Necromancer began the quest for the Orb.
     0 | D:1      | Reached XP level 1. HP: 13/13 MP: 3/3
   395 | D:1      | Reached XP level 2. HP: 16/19 MP: 0/5
   561 | D:1      | Reached skill level 5 in Necromancy
   601 | D:1      | Found a faded altar of an unknown god.
  1243 | D:2      | Gained mutation: You are afflicted with vampirism and can
                  | become a bat while bloodless. [Vampire growth]
  1243 | D:2      | Reached XP level 3. HP: 24/24 MP: 4/6
  1872 | D:3      | Killed from afar by an orc priest

Illustrated notes

Levels and vault maps discovered:
D:1:      dpeg_arrival_stone_temple_mockup, layout_basic,
          shapermc_ecumenical_altar_starsandcircs, kennysheep_boxes
D:2:      layout_basic, chequers_hall_statues_y
D:3:      layout_rooms, mainiacjoe_overflow_six_doors_small, okawaru_gym_becter,
          nicolae_figureground_pulse, uniq_jessica

Skill      XL: |  1  2 |
---------------+-------+-----
Necromancy     | 5 |  5.3
Dodging        | |  2.3
Stealth        | |  3.0
Spellcasting   | |  2.5

Action                   || total
-------------------------++-------
Melee: Club              ||    11
       Bite              ||     1
 Cast: Pain              ||    69
Armor: Robe              ||    18
Dodge: Dodged            ||    67
